 Dungeon Crawl Stone Soup version 0.26-a0-576-gcfaa98f (webtiles) character file.

Game seed: 11167172537259996283

3959 Hazorath the Slicer (level 10, -3/65 HPs)
             Began as a Kobold Brigand on Aug 22, 2020.
             Was a Follower of Trog.
             Killed from afar by Erica (22 damage)
             ... with a bolt of poison
             ... on level 8 of the Dungeon.
             The game lasted 00:23:44 (8059 turns).

Hazorath the Slicer (Kobold Brigand)                Turns: 8059, Time: 00:23:45

Health: -3/65      AC:  6    Str: 10    XL:     10   Next: 45%
Magic:  19/19      EV: 19    Int: 12    God:    Trog [*.....]
Gold:   308        SH:  0    Dex: 19    Spells: 9/9 levels left

rFire    . . .     SeeInvis .   k - +1 short sword (protect)
rCold    . . .     Faith    .   (shield restricted)
rNeg     . . .     Spirit   .   r - +0 leather armour (curse)
rPois    .         Reflect  .   (no helmet)
rElec    .         Harm     .   c - +1 cloak
rCorr    .                      a - +0 pair of gloves (curse)
MR       .....                  (no boots)
Stlth    ++++......             (no amulet)
HPRegen  0.20/turn              p - ring of magical power
MPRegen  0.16/turn              (no ring)

@: lethally poisoned (-3 -> -9), slowed, very slow
A: small, nightstalker 3
a: Berserk, Renounce Religion


You were on level 8 of the Dungeon.
You worshipped Trog.
Trog was aware of your devotion.
You visited 2 branches of the dungeon, and saw 9 of its levels.

You collected 308 gold pieces.

Inventory:

Hand Weapons
 k - a +1 short sword of protection (weapon)
 m - the +3 long sword of Defence {elec, Dex+3}
   (You found it on level 5 of the Dungeon)

   Occasionally, upon striking a foe, it will discharge some electrical energy
   and cause terrible harm.
   It affects your dexterity (+3).
Missiles
 d - 17 poisoned darts (quivered)
Armour
 a - a cursed +0 pair of gloves (worn)
 b - a +0 robe
 c - a +1 cloak (worn)
 f - a +0 leather armour
 r - a cursed +0 leather armour (worn)
 t - a +0 pair of gloves
Jewellery
 i - an uncursed ring of ice
 p - a ring of magical power (left hand)
Wands
 g - a wand of enslavement (1)
 j - a wand of paralysis (8)
Scrolls
 u - a scroll of fog
 v - a scroll of fear {unknown}
 w - 2 scrolls of remove curse
Potions
 n - a potion of flight
 x - a potion of mutation


   Skills:
 * Level 8.9 Fighting
 * Level 10.5 Short Blades
 - Level 8.0 Throwing
 + Level 6.6 Dodging
 - Level 5.3 Stealth
 + Level 2.4 Evocations


You had 9 spell levels left.
You didn't know any spells.
Your spell library contained the following spells:

 Spells                   Type           Power        Failure   Level
 Corona                   Hex            #......      41%         1
 Ensorcelled Hibernation  Hex/Ice        #.....       56%         2
 Confusing Touch          Hex            #.......     80%         3
 Dazzling Flash           Conj/Hex       #.....       80%         3
 Tukima's Dance           Hex            #.......     80%         3


Dungeon Overview and Level Annotations

Branches:
Dungeon (9/15)             Temple (1/1) D:6            Lair (0/6) D:8
    Orc: D:9-12

Altars:
Ashenzari
Cheibriados
Dithmenos
Elyvilon
Fedhas
Gozag
Hepliaklqana
Kikubaaqudgha
Makhleb
Okawaru
Qazlal
Sif Muna
Trog
Uskayaw
Vehumet
Yredelemnul
Zin
The Shining One

Annotations:
D:8 Erica


Innate Abilities, Weirdness & Mutations

You are small and have problems with some larger weapons.
You are completely attuned to the shadows.


Message History

A bolt of poison appears from out of thin air!
The bolt of poison misses you.
You hear some strange, mumbled words.
A lance of force appears from out of thin air!
The lance of force hits you!
* * * LOW HITPOINT WARNING * * *
You are knocked back by the lance of force.
Quiver which item? (- for none, * to show all) (? for menu, Esc to quit)
Quivering
h - a throwing net for throwing.
Throwing (i - inventory. (/) - cycle)
h - a throwing net (quivered)
Press: ? - help, Shift-Dir - straight line You throw a throwing net.
Something gets caught in the net!
Something wriggles in the net.
Something wriggles in the net.
Something wriggles in the net.
You hear some strange, mumbled words.
A bolt of poison appears from out of thin air!
The bolt of poison hits you!!
You are poisoned.
You die...

###############
#.............#########
#.###########.........#
#.##.......##########.#
#.##.#####.# #># #.##.# ###.###
#.# #....# #.@<..########.###
####.# #.#..............# #.#
#.#)..####.###.#.# #.#
#.#........# #.#.#
#.###{#..#####.###†#.#
#..##.#..# #.....#.## #####
##.#))....#####.#####...
#...###.###.....#...#.......##
###.#......#...####.#.......###


There were no monsters in sight!

Vanquished Creatures
  A two-headed ogre (D:8)
  Maurice (D:9)
  An acid dragon (D:8)
  A basilisk (D:8)
  A wyvern (D:8)
  4 orc warriors
  2 phantoms
  A sky beast (D:9)
  A hornet zombie (D:9)
  2 ogres (D:8)
  3 crocodiles (D:8)
  A big kobold (D:9)
  3 bullfrogs
  A water moccasin zombie (D:8)
  A scorpion (D:5)
  5 wights (D:8)
  3 bullfrog zombies
  An iron imp (D:8)
  2 hounds
  A jelly (D:7)
  A quasit (D:7)
  4 orc priests
  7 orc wizards
  4 iguanas
  2 worker ants (D:8)
  2 hound zombies (D:4)
  3 worker ant zombies (D:4)
  7 gnolls
  4 adders
  2 shadow imps
  A white imp (D:5)
  An adder skeleton (D:4)
  5 adder zombies
  2 leopard geckos
  17 orcs
  A ball python (D:2)
  9 jackals
  5 kobolds
  3 quokkas
  A ball python skeleton (D:4)
  A frilled lizard (D:5)
  2 giant cockroach zombies (D:4)
  2 jackal skeletons (D:4)
  A jackal zombie (D:4)
  A leopard gecko skeleton (D:8)
  A leopard gecko zombie (D:4)
  A quokka skeleton (D:4)
  A quokka zombie (D:4)
127 creatures vanquished.

Vanquished Creatures (others)
  A basilisk (D:8)
  5 withered plants (D:4)
6 creatures vanquished.

Grand Total: 133 creatures vanquished

Notes
Turn   | Place    | Note
-------+----------+-------------------------------------------
     0 | D:1      | Hazorath the Kobold Brigand began the quest for the Orb.
     0 | D:1      | Reached XP level 1. HP: 12/12 MP: 1/1
    94 | D:2      | Reached skill level 3 in Short Blades
    94 | D:2      | Reached XP level 2. HP: 18/18 MP: 2/2
   228 | D:2      | You fall into a shaft and drop 2 floors!
   281 | D:4      | Reached XP level 3. HP: 5/22 MP: 3/3
   307 | D:5      | Entered Level 5 of the Dungeon
   551 | D:5      | Reached XP level 4. HP: 28/28 MP: 4/4
   566 | D:5      | Got a pitted long sword
   567 | D:5      | Identified the cursed +3 long sword of Defence {elec,
                  | Dex+3} (You found it on level 5 of the Dungeon)
   664 | D:5      | HP: 1/28 [poisoned by an adder]
   672 | D:5      | Noticed a phantom
   673 | D:5      | Reached skill level 4 in Short Blades
   673 | D:5      | Reached XP level 5. HP: 16/32 MP: 5/5
   678 | D:5      | Killed a phantom
   678 | D:5      | Reached XP level 6. HP: 19/38 MP: 6/6
  1044 | D:4      | Found a glowing golden altar of the Shining One.
  1045 | D:4      | Found a glowing silver altar of Zin.
  1045 | D:4      | Found a white marble altar of Elyvilon.
  1065 | D:4      | Reached skill level 5 in Short Blades
  1360 | D:4      | Reached XP level 7. HP: 8/44 MP: 7/7
  2740 | D:6      | Reached skill level 5 in Fighting
  2740 | D:6      | Reached skill level 6 in Short Blades
  2745 | D:6      | Reached skill level 5 in Throwing
  2750 | D:6      | Found a staircase to the Ecumenical Temple.
  2765 | D:6      | Reached XP level 8. HP: 23/49 MP: 8/8
  2779 | Temple   | Entered the Ecumenical Temple
  3078 | Temple   | Became a worshipper of Trog the Wrathful
  3855 | D:7      | Found a shadowy altar of Dithmenos.
  3949 | D:7      | Found a shimmering blue altar of Sif Muna.
  4094 | D:7      | Reached skill level 7 in Short Blades
  4632 | D:8      | Found an iron altar of Okawaru.
  4633 | D:8      | Found a radiant altar of Vehumet.
  4634 | D:8      | Found a basalt altar of Yredelemnul.
  5094 | D:8      | Reached XP level 9. HP: 56/56 MP: 9/9
  5177 | D:8      | Reached skill level 8 in Short Blades
  5579 | D:9      | Reached skill level 5 in Dodging
  5978 | D:9      | Noticed Maurice
  6000 | D:9      | Killed Maurice
  6118 | D:8      | Reached skill level 9 in Short Blades
  6230 | D:8      | Noticed Erica
  6478 | D:8      | Found a staircase to the Lair.
  6531 | D:8      | Reached XP level 10. HP: 35/64 MP: 10/10
  7031 | D:8      | Noticed a two-headed ogre
  7104 | D:8      | Killed a two-headed ogre
  7104 | D:8      | Reached skill level 10 in Short Blades
  7352 | D:8      | Reached * piety under Trog
  7382 | D:8      | Found a snail-covered altar of Cheibriados.
  8059 | D:8      | Killed from afar by Erica

Illustrated notes

Levels and vault maps discovered:
D:1:      lordsloth_arrival_two_stooges, layout_basic
D:2:      layout_basic, amethyst_overflow_temple_binary
D:4:      layout_rooms, good_gods_temple_1, serial_undead, serial_undead_b,
          serial_undead_b, serial_undead_b, serial_undead_d, serial_undead_a,
          serial_undead_c
D:5:      layout_loops_ring, nicolae_overflow_crystal_walls, minmay_door_square
D:6:      layout_loops_cross, temple_fountains, uniq_duvessa
D:7:      layout_basic, nicolae_dithmenos_the_darkroom, basic_altar,
          st_stairs_11, minmay_misc_feat_secret_circle
D:8:      layout_loops_ring, slow_altar_2,
          chequers_temple_overflow_statue_of_worship, erik_lair_dragon,
          special_room [special_room_orc], uniq_erica
D:9:      layout_basic, uniq_prince_ribbit1, uniq_maurice, uniq_pikel
Temple:   bh_familiar_temple

Skill      XL: |  1  2  3  4  5  6  7  8  9 10 |
---------------+-------------------------------+-----
Short Blades   | 3 4 5 6 7 9 10 | 10.5
Fighting       | 3 4 5 6 8 |  8.9
Throwing       | 3 4 5 6 7 8 |  8.0
Dodging        | 2 3 4 5 6 |  6.6
Evocations     | 2 |  2.4
Stealth        | |  5.3

Action                   |  1- 3 |  4- 6 |  7- 9 | 10-12 || total
-------------------------+-------+-------+-------+-------++-------
Melee: Dagger            |    23 |       |       |       ||    23
       Long sword        |       |    39 |    77 |       ||   116
       Short sword       |       |       |   329 |   140 ||   469
Throw: Dart              |       |    11 |    29 |    53 ||    93
       Throwing net      |       |       |       |     1 ||     1
Evoke: Wand              |       |       |     4 |       ||     4
  Use: Scroll            |       |     5 |     7 |     2 ||    14
       Potion            |       |     4 |     1 |     2 ||     7
 Stab: Sleeping          |     6 |     5 |    19 |     1 ||    31
       Distracted        |       |     2 |     1 |       ||     3
       Petrified         |       |       |     1 |       ||     1
Armor: Robe              |     3 |     5 |     2 |       ||    10
       Leather armour    |       |       |    69 |    37 ||   106
Dodge: Dodged            |     9 |    67 |   259 |   120 ||   455
       Rpst.: Long sword |       |    19 |    20 |       ||    39

Table legend: (Time is in decaauts)
 A = Elapsed time spent in this place.
 B = Non-inter-level travel time spent in this place.
 C = Inter-level travel time spent in this place.
 D = Time resting spent in this place.
 E = Time spent auto-exploring this place.
 F = Levels seen in this place.
 G = Mean time per level.
                   A        B        C        D        E       F      G
               +--------+--------+--------+--------+--------+-----+--------+
         Total |   7944 |   7733 |    211 |   1942 |   4139 |   9 |  882.7 |
       Dungeon |   7634 |   7453 |    181 |   1942 |   3860 |   8 |  954.2 |
        Temple |    310 |    280 |     30 |      0 |    279 |   1 |  310.0 |
               +--------+--------+--------+--------+--------+-----+--------+

Top non-repeatable levels by time:
     D:8: 2361 daAuts
     D:7: 1361 daAuts
     D:4: 1241 daAuts
     D:6: 927 daAuts
     D:9: 795 daAuts
     D:5: 720 daAuts
  Temple: 310 daAuts
     D:2: 145 daAuts
     D:1: 81 daAuts
